 Dungeon Crawl Stone Soup version 0.26-a0-519-gb2f46efeda (webtiles) character file.

Game seed: 8413305891333748907

(classic levelgen) 18 EnegeticOcto the Sneak (level 2, 0/22 HPs)
             Began as a Mummy Brigand on Aug 10, 2020.
             Slain by an adder (4 damage)
             ... on level 2 of the Dungeon.
             The game lasted 00:01:24 (889 turns).

EnegeticOcto the Sneak (Mummy Brigand)               Turns: 889, Time: 00:01:24

Health: 0/22       AC:  3    Str: 14    XL:     2   Next: 48%
Magic:  2/2        EV: 11    Int: 10    God:
Gold:   40         SH:  0    Dex: 13    Spells: 1/1 levels left

rFire    x . .     SeeInvis .   j - +1 dagger (venom)
rCold    + . .     Faith    .   (no shield)
rNeg     + + +     Spirit   .   b - +0 robe
rPois    ∞         Reflect  .   (no helmet)
rElec    .         Harm     .   c - +0 cloak
rCorr    .                      (no gloves)
MR       .....                  (no boots)
Stlth    ++........             h - amulet of inaccuracy (curse)
HPRegen  0.07/turn              (no ring)
MPRegen  0.08/turn              (no ring)

@: no status effects
A: no potions, fire vulnerability, cold resistance 1, negative energy resistance
3, torment resistance, unbreathing
a: no special abilities


You were on level 2 of the Dungeon.
You visited 1 branch of the dungeon, and saw 2 of its levels.

You collected 40 gold pieces.

Inventory:

Hand Weapons
 a - a +2 dagger
 j - a +1 dagger of venom (weapon)
Missiles
 d - 7 poisoned darts (quivered)
 e - 2 curare-tipped darts
 f - 35 bolts
Armour
 b - a +0 robe (worn)
 c - a +0 cloak (worn)
Jewellery
 h - a cursed amulet of inaccuracy (around neck)
Scrolls
 g - 4 scrolls of identify {@r1}
 i - a scroll of immolation


   Skills:
 - Level 2.0 Fighting
 + Level 2.5 Short Blades
 - Level 1.5 Throwing
 - Level 0.7 Dodging
 + Level 3.3 Stealth


You had one spell level left.
You didn't know any spells.
Your spell library was empty.

Dungeon Overview and Level Annotations

Branches:
Dungeon (2/15)

Altars:


Innate Abilities, Weirdness & Mutations

You do not drink.
Your flesh is vulnerable to fire.
You are immune to poison.
Your flesh is cold resistant. (rC+)
You are immune to negative energy. (rN+++)
You are immune to unholy pain and torment.
You can survive without breathing.


Message History

You kill the goblin!
The bat hits you but does no damage.
You hit the bat.
The bat is poisoned.
The bat is moderately wounded.
You kill the bat!
No target in view!
No target in view!
No target in view!
No target in view!
No target in view!
No target in view!
No target in view!
No target in view!
There is a stone staircase leading down here.
You open the door.
There is an open door here.
There is an open door here.
Done exploring.
Done exploring.
No target in view!
No target in view!
No target in view!
No target in view!
Done exploring.
Okay, then.
Unknown command.
(D) Dungeon
Where to? (? - help)
There is an open door here.
There is an open door here.
There is a stone staircase leading down here.
You climb downwards.
There is a stone staircase leading up here.
Found a spear.
You open the door.
There is an open door here.
You open the door.
Found a stone staircase leading down.
There is an open door here.
Found an escape hatch in the ceiling.
Found a glowing amethyst potion.
g - 4 scrolls of identify {@r1} (gained 1)
Found 17 arrows.
A hobgoblin comes into view. It is wielding a +0 club.
Found 12 gold pieces.
An adder comes into view.
The hobgoblin shouts!
The adder hisses angrily.
Found 15 stones.
A quokka comes into view.
The hobgoblin closely misses you. The quokka bites you.
The quokka barely misses you.
You barely miss the quokka. The quokka bites you.
You hit the quokka.
The quokka is lightly wounded.
The quokka closely misses you.
You miss the quokka.
The quokka is lightly wounded.
The quokka misses you.
You closely miss the quokka.
The quokka is lightly wounded.
The quokka bites you.
You barely miss the quokka.
The quokka is lightly wounded.
The quokka barely misses you.
You hit the quokka.
The quokka is almost dead.
The quokka barely misses you.
You hit the quokka.
You kill the quokka!
You closely miss the hobgoblin. The hobgoblin hits you with a +0 club.
You hit the hobgoblin but do no damage.
The hobgoblin is poisoned.
You hit the hobgoblin.
The hobgoblin is heavily wounded.
The hobgoblin closely misses you.
You barely miss the hobgoblin.
The hobgoblin is severely wounded.
The hobgoblin hits you with a +0 club.
You hit the hobgoblin.
You kill the hobgoblin!
Throwing (i - inventory. (/) - cycle)
d - 8 poisoned darts (quivered)
Press: ? - help, Shift-Dir - straight line, f - adder
Aim: an adder You throw a poisoned dart.
The poisoned dart closely misses the adder.
The adder barely misses you.
You barely miss the adder. The adder misses you.
You miss the adder. The adder bites you.
You hit the adder.
The adder is moderately wounded.
The adder barely misses you.
You barely miss the adder.
The adder is moderately wounded.
The adder bites you.
* * * LOW HITPOINT WARNING * * *
You miss the adder.
The adder is moderately wounded.
The adder bites you.
* * * LOW HITPOINT WARNING * * *
The adder bites you.
You die...

####.......##
#....>.....#
#..........#
#..........#
#......<...#
####.......#
#.!.....#
#.......#
#......@#
#######S# #(#
#.# ######†#
###(...#.##
#....S....#
#..$....#...#
...≈≈≈...(......


You could see an adder.

Vanquished Creatures
  5 goblins (D:1)
  2 hobgoblins
  A quokka (D:2)
  2 ball pythons (D:1)
  A bat (D:1)
  A frilled lizard (D:1)
  2 kobolds (D:1)
  4 rats (D:1)
18 creatures vanquished.

Notes
Turn   | Place    | Note
-------+----------+-------------------------------------------
     0 | D:1      | EnegeticOcto the Mummy Brigand began the quest for the Orb.
     0 | D:1      | Reached XP level 1. HP: 16/16 MP: 1/1
     0 | D:1      | Noticed an ogre
     1 | D:1      | Noticed a troll
     3 | D:1      | Noticed a centaur
     3 | D:1      | Noticed a centaur
     7 | D:1      | Noticed an ogre
     8 | D:1      | Noticed a vampire
    10 | D:1      | Noticed a vine stalker
    12 | D:1      | Noticed a vampire
    14 | D:1      | Noticed a troll
    14 | D:1      | Noticed a human
    16 | D:1      | Noticed a spriggan
    16 | D:1      | Noticed a human
    18 | D:1      | Noticed a felid
    18 | D:1      | Noticed a gargoyle
   370 | D:1      | Reached skill level 2 in Short Blades
   547 | D:1      | Reached XP level 2. HP: 22/22 MP: 2/2
   889 | D:2      | Slain by an adder

Illustrated notes

Levels and vault maps discovered:
D:1:      shiori_arrival_whats_in_store_for_you, layout_basic
D:2:      wad_river_or_something, layout_basic, cheibriados_altar_1,
          elyvilon_altar_3, overflow_temple_1_default, uniq_robin

Skill      XL: |  1 |
---------------+----+-----
Short Blades   | 2 |  2.5
Fighting       | |  2.0
Throwing       | |  1.5
Dodging        | |  0.7
Stealth        | |  3.3

Action                   || total
-------------------------++-------
Melee: Dagger            ||    65
Throw: Dart              ||     1
  Use: Scroll            ||     1
 Stab: Sleeping          ||     1
Armor: Robe              ||     6
Dodge: Dodged            ||    30

Table legend: (Time is in decaauts)
 A = Elapsed time spent in this place.
 B = Non-inter-level travel time spent in this place.
 C = Inter-level travel time spent in this place.
 D = Time resting spent in this place.
 E = Time spent auto-exploring this place.
 F = Levels seen in this place.
 G = Mean time per level.
                   A        B        C        D        E       F      G
               +--------+--------+--------+--------+--------+-----+--------+
         Total |    881 |    863 |     18 |      0 |    690 |   2 |  440.5 |
       Dungeon |    881 |    863 |     18 |      0 |    690 |   2 |  440.5 |
               +--------+--------+--------+--------+--------+-----+--------+

Top non-repeatable levels by time:
     D:1: 794 daAuts
     D:2: 86 daAuts
